AoeStats
← Thewanderero

Arena

504232959Analyzed
4v4 RM · 28d ago on Sep 4, 2026· 49m 8s· 8 players
Game mode
Random Map
Map size
Large (8 player)
Population
200
Speed
Normal
Resources
Standard
Victory
Conquest
Starting age
Dark Age
Ending age
Imperial Age
RankedLock teamsTeams togetherTeam positionsShared explorationLock speedFull tech treeHidden civsTurbo modeCheats
Victory
Defeat
🇨🇦 Goths · Canada
1141
+14
🇧🇾 Hindustanis · Belarus
1077
+17
🇰🇷 Dravidians · South Korea
1036
+18
🇨🇳 Italians · China
1015
+19
🇪🇸 Italians · Spain
1140
-19
🇳🇱 Lithuanians · Netherlands
1131
-19
🇩🇪 Khmer · Germany
1072
-16
🇨🇿 Portuguese · Czechia
1030
-14
Amazon Shopping
3:00 Loom
10:47 Feudal Age
12:39 Double-Bit Axe
15:31 Castle Age
13:36 Horse Collar
15:39 Forging
16:45 Heavy Plow
19:09 Man-at-Arms
23:35 Wheelbarrow
26:31 Iron Casting
30:01 Imperial Age
27:40 Gold Mining
28:29 Hand Cart
28:43 Scale Mail Armor
29:35 Squires
30:26 Chain Mail Armor
30:35 Capped Ram
32:18 Blast Furnace
31:22 Perfusion
31:42 Conscription
32:44 Town Watch
37:41 Pikeman
38:10 Halberdier
Prcmt
12:02 Feudal Age
15:45 Castle Age
13:42 Double-Bit Axe
13:52 Horse Collar
18:51 Wheelbarrow
19:07 Loom
23:29 Fletching
23:40 Padded Archer Armor
24:08 Gold Mining
28:43 Stone Mining
29:12 Husbandry
30:26 Thumb Ring
30:26 Bodkin Arrow
30:46 Leather Archer Armor
30:52 Ballistics
30:44 Fortified Wall
31:17 Murder Holes
31:32 Masonry
34:07 Imperial Age
31:53 Hand Cart
31:23 Town Watch
32:02 Murder Holes
35:54 Chemistry
34:55 Bracer
35:26 Ring Archer Armor
36:16 Bow Saw
36:08 Heavy Plow
37:13 Elite Elephant Archer
41:01 Caravan
44:30 Medical Corps
45:53 Conscription
ZIVA
13:09 Feudal Age
14:18 Horse Collar
14:24 Double-Bit Axe
21:10 Castle Age
20:23 Gold Mining
24:00 Coinage
24:43 Bow Saw
24:34 Heavy Plow
29:39 Wheelbarrow
33:09 Hand Cart
49:04 Stone Mining
Thewanderero
11:23 Feudal Age
15:06 Castle Age
13:17 Double-Bit Axe
13:57 Horse Collar
15:31 Wheelbarrow
16:14 Bow Saw
16:30 Heavy Plow
22:18 Hand Cart
24:33 Loom
26:28 Scale Barding Armor
26:33 Forging
26:36 Gold Mining
26:36 Stone Mining
27:42 Town Watch
30:33 Husbandry
30:43 Bloodlines
29:54 Light Cavalry
31:17 Arson
31:33 Squires
31:36 Scale Mail Armor
31:57 Chain Barding Armor
32:12 Iron Casting
32:23 Gold Shaft Mining
32:23 Stone Shaft Mining
35:19 Imperial Age
34:28 Chain Mail Armor
34:25 Masonry
34:26 Fortified Wall
35:35 Elite Ghulam
37:04 Hussar
38:26 Plate Barding Armor
38:51 Blast Furnace
39:24 Hoardings
39:11 Conscription
38:52 Grand Trunk Road
40:46 Chemistry
40:08 Ballistics
41:00 Caravan
42:11 Heavy Camel Rider
44:27 Imperial Camel Rider
[2ZKA] VonWegen
10:41 Feudal Age
14:06 Castle Age
12:08 Double-Bit Axe
12:23 Horse Collar
12:53 Gold Mining
21:21 Wheelbarrow
25:46 Imperial Age
23:33 Heavy Plow
24:09 Gold Shaft Mining
23:15 Crossbowman
25:10 Bow Saw
24:54 Stone Mining
25:23 Hand Cart
25:13 Fletching
25:23 Padded Archer Armor
26:22 Ballistics
26:10 Bodkin Arrow
25:59 Arbalester
27:46 Chemistry
26:59 Bracer
27:57 Stone Shaft Mining
28:07 Leather Archer Armor
27:50 Murder Holes
28:51 Loom
30:12 Ring Archer Armor
30:47 Conscription
30:31 Double Crossbow
30:43 Elite Skirmisher
32:06 Crop Rotation
33:18 Siege Engineers
34:53 Heavy Scorpion
38:11 Tusk Swords
39:16 Masonry
esoneplus
10:33 Feudal Age
12:30 Loom
15:02 Castle Age
13:16 Double-Bit Axe
13:24 Horse Collar
14:49 Stone Mining
16:49 Wheelbarrow
16:31 Bow Saw
16:45 Heavy Plow
17:40 Gold Mining
18:38 Fletching
28:43 Imperial Age
26:50 Wheelbarrow
28:57 Bodkin Arrow
29:03 Padded Archer Armor
30:00 Conscription
30:46 Chemistry
30:07 Ballistics
29:43 Murder Holes
32:18 Pirotechnia
WesZ
11:01 Feudal Age
14:53 Castle Age
17:58 Loom
19:54 Double-Bit Axe
23:21 Horse Collar
24:18 Heavy Plow
24:59 Wheelbarrow
24:51 Stone Mining
24:53 Gold Mining
26:27 Stone Shaft Mining
31:34 Imperial Age
30:08 Forging
30:03 Scale Barding Armor
31:30 Iron Casting
31:00 Scale Barding Armor
31:06 Bloodlines
30:57 Husbandry
31:12 Hill Forts
32:21 Hand Cart
31:31 Light Cavalry
31:42 Cavalier
32:45 Conscription
34:00 Chain Barding Armor
33:35 Fletching
34:07 Ballistics
34:48 Chemistry
33:44 Murder Holes
36:14 Plate Barding Armor
37:04 Elite Leitis
40:20 Onager
42:27 Bodkin Arrow
42:32 Padded Archer Armor
42:32 Elite Skirmisher
43:15 Bracer
46:49 Leather Archer Armor
47:38 Chemistry
Pedro89cz
3:27 Loom
11:18 Feudal Age
11:46 Horse Collar
11:55 Double-Bit Axe
20:40 Castle Age
19:27 Gold Mining
19:34 Stone Mining
21:30 Heavy Plow
21:08 Man-at-Arms
25:29 Gambesons
27:44 Wheelbarrow
26:52 Long Swordsman
27:50 Forging
27:44 Scale Mail Armor
28:49 Bow Saw
28:46 Arson
29:22 Chain Mail Armor
29:41 Pikeman
30:47 Hand Cart
34:40 Imperial Age
36:03 Conscription
35:07 Two-Handed Swordsman
35:11 Halberdier
37:53 Fortified Wall
38:05 Ballistics
39:41 Two-Man Saw
38:34 Fletching
38:45 Padded Archer Armor
39:39 Masonry
39:37 Siege Engineers
40:11 Two-Handed Swordsman
40:52 Champion
48:16 Elite Skirmisher
Connection lost

Rejoining the realm…

Still unreachable

The connection could not be restored.

Session expired

The server has moved on; the page needs a fresh start.